 Dungeon Crawl Stone Soup version 0.27.1 (webtiles) character file.

Game seed: 14916930096039337460

53 Malachi the Covered (level 3, -4/30 HPs)
             Began as a Barachi Fighter on Aug 25, 2021.
             Was an Initiate of Gozag.
             Killed by divine providence
             ... invoked by an orc priest
              (10 damage)
             ... on level 2 of the Dungeon.
             The game lasted 00:02:04 (1838 turns).

Malachi the Covered (Barachi Fighter)               Turns: 1838, Time: 00:02:05

Health: -4/30      AC:  8    Str: 18    XL:     3   Next: 87%
Magic:  3/3        EV:  7    Int:  8    God:    Gozag
Gold:   155        SH:  9    Dex: 11    Spells: 2/2 levels left

rFire    . . .     SeeInvis .   a - +0 long sword
rCold    . . .     Faith    .   c - +0 kite shield
rNeg     . . .     Spirit   .   b - +0 scale mail
rPois    .         Reflect  .   (no helmet)
rElec    .         Harm     .   (no cloak)
rCorr    .         Rampage  .   (no gloves)
Will     .....                  j - +0 pair of boots
Stlth    ..........             (no amulet)
HPRegen  0.10/turn              (no ring)
MPRegen  0.08/turn              (no ring)

@: mighty, about to teleport, unable to hop, very slightly contaminated,
invisible, slow
A: amphibious, slowness 1, strong legs 1, +LOS
a: Hop, Renounce Religion, Potion Petition, Call Merchant, Bribe Branch


You were on level 2 of the Dungeon.
You worshipped Gozag.
Gozag was aware of your devotion.
You visited 1 branch of the dungeon, and saw 2 of its levels.

You collected 155 gold pieces.

Inventory:

Hand Weapons
 a - a +0 long sword (weapon)
 e - a +0 dagger
 h - a +0 hand axe of flaming
Armour
 b - a +0 scale mail (worn)
 c - a +0 kite shield (worn)
 j - a +0 pair of boots (worn)
Potions
 g - a potion of lignification {unknown}


   Skills:
 + Level 3.8 Fighting
 + Level 3.4 Long Blades
 + Level 4.3 Armour
 + Level 0.2 Dodging
 + Level 3.8 Shields


You had 2 spell levels left.
You didn't know any spells.
Your spell library was empty.

Dungeon Overview and Level Annotations

Branches:
Dungeon (2/15)

Altars:
Gozag


Innate Abilities, Weirdness & Mutations

You are amphibious.
You cover ground slowly.
You can hop short distances.
You have an extended range of vision and can be seen from far away.


Message History

You are too injured to fight recklessly!
You are too injured to fight recklessly!
Unknown command.
Hop to where?
Press: ? - help, Dir - move target Boing!
You see here 8 gold pieces.
The orc throws a boomerang.
The boomerang closely misses you. The orc hits you but does no damage.
An orc priest comes into view. It is wielding a +0 hand axe.
The orc priest barely misses you. You block the orc's attack.
You hit the orc priest.
The orc priest is lightly wounded.
You block the orc priest's attack. The orc hits you but does no damage.
Okay, then.
Okay, then.
As you read the scroll labelled AKKEUNKAIGU, it crumbles to dust.
You feel strangely unstable.
It was a scroll of teleportation.
The orc priest hits you but does no damage.
The orc hits you but does no damage.
You aren't carrying any scrolls.
Unknown command.
It was a potion of invisibility.
You fade into invisibility!
The orc priest miscasts a cantrip.
The orc hits you but does no damage.
You are very lightly contaminated with residual magic.
You feel very mighty all of a sudden. You block the orc priest's attack.
The orc hits you with a +0 whip.
* * * LOW HITPOINT WARNING * * *
The orc hits you but does no damage.
You barely miss the orc priest.
The orc priest is lightly wounded.
You block the orc priest's attack. You block the orc's attack.
The orc priest hits you with a +0 hand axe.
* * * LOW HITPOINT WARNING * * *
The orc priest invokes the aid of Beogh against you.
Beogh smites you!
You die...
Your body crumbles into a pile of gold.

##.......#.#######....#..........
.................+.....#.........
###........#######.....#.........
...#.......##....................
...#.......##..........#.........
...#.......##..........#.........
...#.......##..........#.........
...#.......##...oo...#...........
...#.......##...@oo..#......#####
...#.......####o######......#
..........o...#.# #.......##
..............#'####..o.o...#
..................##........#
....###.##...o....##...o....#
##### #.##........######....# #
#.##.....[..# #....# #
#.##.#......######$...####


You could see 3 orc priests and 2 orcs.

Vanquished Creatures
  2 adders (D:2)
  A dart slug (D:1)
  2 bats
  4 endoplasms
  2 giant cockroaches
  4 goblins (D:1)
  4 hobgoblins
  3 quokkas (D:1)
  A ball python (D:2)
  4 frilled lizards
  A kobold (D:1)
  3 rats
31 creatures vanquished.

Vanquished Creatures (others)
  5 demonic plants (D:2)
  A fungus (D:2)
6 creatures vanquished.

Grand Total: 37 creatures vanquished

Notes
Turn   | Place    | Note
-------+----------+-------------------------------------------
     0 | D:1      | Malachi the Barachi Fighter began the quest for the Orb.
     0 | D:1      | Reached XP level 1. HP: 18/18 MP: 1/1
   451 | D:1      | Reached XP level 2. HP: 25/25 MP: 2/2
   467 | D:1      | Reached skill level 4 in Armour
  1176 | D:1      | Reached XP level 3. HP: 30/30 MP: 3/3
  1501 | D:2      | Found a faded altar of an unknown god.
  1522 | D:2      | Became a worshipper of Gozag Ym Sagoz the Greedy
  1838 | D:2      | Killed from afar by an orc priest

Illustrated notes

Levels and vault maps discovered:
D:1:      scummos_arrival_star, layout_basic
D:2:      layout_basic, shapermc_ecumenical_altar_gd

Skill      XL: |  1  2  3 |
---------------+----------+-----
Armour         | 4 |  4.3
Long Blades    | 3 |  3.4
Fighting       | |  3.8
Dodging        | |  0.2
Shields        | |  3.8

Action                   || total
-------------------------++-------
Melee: Long sword        ||   111
 Abil: Hop               ||     2
  Use: Scroll            ||     2
       Potion            ||     2
 Stab: Distracted        ||     1
Armor: Scale mail        ||    64
Dodge: Dodged            ||    48
Block: Kite shield       ||    80
       Rpst.: Long sword ||    10
